 Dungeon Crawl Stone Soup version 0.18.1-48-g4cf74bf (webtiles) character file.

54 Larett the Covert (level 3, -2/18 HPs)
             Began as a Spriggan Assassin on Aug 17, 2016.
             Slain by an adder (3 damage)
             ... on level 3 of the Dungeon.
             The game lasted 00:03:51 (2506 turns).

Larett the Covert (Spriggan Assassin)               Turns: 2506, Time: 00:03:51

Health: -2/18      AC:  3    Str:  7    XL:     3   Next: 66%
Magic:  4/4        EV: 17    Int: 12    God:
Gold:   117        SH:  0    Dex: 18    Spells: 0 memorised, 2 levels left

rFire  + . .     SeeInvis +     a - +2 dagger
rCold  x . .     Gourm    .     c - +0 robe
rNeg   . . .     Faith    .     (shield restricted)
rPois  .         Spirit   .     (helmet restricted)
rElec  .         Dismiss  .     d - +0 cloak
rCorr  .         Reflect  .     (gloves unavailable)
SustAt .         Harm     .     (boots unavailable)
MR     .....                    (no amulet)
Stlth  +++++.....               (no ring)
                                m - ring of fire

@: lethally poisoned (-2 -> -10), flying, very quick, not resistant to hostile
enchantments, quite stealthy
A: unfitting armour, see invisible, herbivore 3, speed 3, slow metabolism 2
a: no special abilities


You were on level 3 of the Dungeon.
You were not hungry.

You visited 1 branch of the dungeon, and saw 3 of its levels.

You collected 117 gold pieces.

Inventory:

Hand Weapons
 a - a +2 dagger (weapon)
 b - a +0 hunting sling
 k - a +1 vampiric short sword
 p - a +0 blowgun
Missiles
 e - 8 poisoned needles
 f - 2 curare-tipped needles
 g - 55 sling bullets
 h - 72 stones (quivered)
 n - 17 arrows
Armour
 c - a +0 robe (worn)
 d - a +0 cloak (worn)
Jewellery
 m - a ring of fire (left hand)
Scrolls
 j - 2 scrolls of teleportation
 o - a scroll of fog {unknown}
Potions
 i - a potion of flight
Comestibles
 l - a bread ration


   Skills:
 - Level 1.5 Fighting
 - Level 2.1 Short Blades
 - Level 2.0 Throwing
 - Level 1.5 Dodging
 + Level 8.1 Stealth


You had 2 spell levels left.
You didn't know any spells.

Dungeon Overview and Level Annotations

Branches:
Dungeon (3/15)

Altars:
Sif Muna
The Shining One


Innate Abilities, Weirdness & Mutations

You are tiny and cannot use many weapons and most armour.
You have supernaturally acute eyesight.
You are a herbivore.
You cover ground extremely quickly.
You need consume almost no food.


Message History

The adder bites you.
* * * LOW HITPOINT WARNING * * *
You miss the adder.
The adder is heavily wounded.
The adder bites you but does no damage.
You miss the adder.
The adder is heavily wounded.
You feel sick.
You are no longer poisoned.
The adder bites you.
* * * LOW HITPOINT WARNING * * *
You are lethally poisoned!
The adder poisons you!
Drink which item? (? for menu, Esc to quit)
It was a potion of flight.
You feel very buoyant.
You fly up into the air.
* * * LOW HITPOINT WARNING * * *
You feel sick. The adder bites you.
You die...

...........##.....##...
.#.#..####.#.......#...
...<......#...†...#.#
#########....._.....#
.......#.......#.####
######.#.......#....
######.##.....##..######
.......####.####.......$
#.iS.....(..#######
######).....# ##.....#
#.....# #.....# ###+###


You could see an adder.

Vanquished Creatures
  An adder (D:2)
  2 giant geckos (D:2)
  2 ball pythons
  A giant cockroach (D:1)
  3 goblins
  7 hobgoblins
  6 jackals (D:1)
  A quokka (D:2)
  5 bats
  3 giant newts
  4 kobolds
  3 rats
38 creatures vanquished.

Notes
Turn   | Place    | Note
--------------------------------------------------------------
     0 | D:1      | Larett the Spriggan Assassin began the quest for the Orb.
     0 | D:1      | Reached XP level 1. HP: 10/10 MP: 2/2
    10 | D:1      | Reached skill level 6 in Stealth
   414 | D:1      | Reached XP level 2. HP: 14/14 MP: 3/3
   449 | D:1      | Reached skill level 7 in Stealth
  1324 | D:2      | Reached XP level 3. HP: 18/18 MP: 4/4
  1547 | D:2      | Found a deep blue altar of Sif Muna.
  1954 | D:2      | Reached skill level 8 in Stealth
  2447 | D:3      | Found a glowing golden altar of the Shining One.
  2505 | D:3      | HP: 2/18 [adder (2)]
  2506 | D:3      | Slain by an adder

Skill      XL: |  1  2  3 |
---------------+----------+-----
Stealth        | 6 7 8 |  8.1
Fighting       | |  1.5
Short Blades   | |  2.1
Throwing       | |  2.0
Dodging        | |  1.5

Action                   || total
-------------------------++-------
Melee: Dagger            ||    15
       Short sword       ||    95
 Fire: Hunting sling     ||    12
Throw: Stone             ||     2
  Use: Scroll            ||     3
       Potion            ||     1
 Stab: Sleeping          ||    10
  Eat: Bread ration      ||     1
Armor: Robe              ||    14
Dodge: Dodged            ||    90
